MapleLeafs vs Ducks

Created - February 11 2011 at 19:23

Goals
1 2 3 T
MapleLeafs 0 1 1 2
Ducks 3 1 1 5
Shots
1 2 3 T
MapleLeafs 9 5 9 23
Ducks 12 13 10 35

Period #1

1. Ducks , Marc-Edouard Vlasic 10 (Bobby Ryan, Tom Poti) at 1:07
2. Ducks , Kurtis Foster 8 (Bobby Ryan, Andy McDonald) at 7:32 (PP)
3. Ducks , Bobby Ryan 28 (Andy McDonald, Kurtis Foster) at 18:30 (PP)

Penalties :
David Clarkson (ANA) for Holding (Minor) at 1:15, Tom Poti (ANA) for Hooking (Minor) at 3:25, Anton Volchenkov (TOR) for Slashing (Minor) at 7:00, Travis Moen (TOR) for Tripping (Minor) at 7:13, Vincent Lecavalier (TOR) for Holding (Minor) at 11:28, Ryan Miller (TOR) for Unsportsmanlike conduct (Major / Game Misconduct) at 11:50 - Dan Hamhuis served the penalty., Anton Volchenkov (TOR) for Hooking (Minor) at 18:06

Period #2

4. Ducks , Dominic Moore 7 (Richard Park, David Clarkson) at 3:34
5. MapleLeafs , Vernon Fiddler 4 (Mike Grier, Dan Hamhuis) at 14:31

Penalties :
Marian Hossa (TOR) for Roughing (Minor) at 0:49, Travis Moen (TOR) for Holding (Minor) at 5:31, David Clarkson (ANA) for Fighting (Major) at 13:43, Matt Greene (TOR) for Fighting (Major) at 13:43, Matt Greene (TOR) for Holding Stick (Minor) at 19:01, David Clarkson (ANA) for High sticking (Minor) at 19:06

Period #3

6. MapleLeafs , Drew Doughty 16 (Vincent Lecavalier, Marian Hossa) at 2:42
7. Ducks , Manny Malhotra 11 (Tom Poti) at 4:42 (PP)

Penalties :
Keith Tkachuk (TOR) for Tripping (Minor) at 3:26, Matt Greene (TOR) for Interference (Minor) at 16:23, Kurtis Foster (ANA) for Hooking (Minor) at 18:31

Goalie Stats

Brent Johnson (TOR), 24 saves from 27 shots - (0.889), L, 3-2-0, 48:10 minutes
Ryan Miller (TOR), 6 saves from 8 shots - (0.750), 11:50 minutes
Jose Theodore (ANA), 21 saves from 23 shots - (0.913), W, 25-11-2, 60:00 minutes

Players Stats

MapleLeafs
Player Name              G  A  P  +/- PIM S  H  SB FO    MP 
------------------------------------------------------------
Anton Volchenkov         0  0  0   0  4   0  3  0  0/0   17 
Dan Hamhuis              0  1  1   1  0   1  2  0  0/0   21 
Drew Doughty             1  0  1   1  0   2  4  1  0/0   23 
Jason Arnott             0  0  0   0  0   1  0  0  11/17 16 
Joffrey Lupul            0  0  0   0  0   2  0  0  0/0   7  
Keith Tkachuk            0  0  0   0  2   2  3  0  0/3   13 
Kyle Cumiskey            0  0  0  -1  0   1  0  0  0/0   18 
Marian Hossa             0  1  1   0  2   1  1  0  0/0   15 
Matt Greene              0  0  0  -1  9   0  3  0  0/1   13 
Mike Grier               0  1  1   0  0   2  0  1  0/0   15 
Mike Modano              0  0  0   0  0   0  0  0  0/1   1  
Patrick Marleau          0  0  0   0  0   3  4  0  1/2   19 
Radek Martinek           0  0  0   0  0   0  0  0  0/0   17 
Sam Gagner               0  0  0   0  0   5  1  0  6/15  22 
Shaone Morrisonn         0  0  0   0  0   1  2  2  0/0   14 
Travis Moen              0  0  0   0  4   0  1  0  0/1   14 
Vernon Fiddler           1  0  1   0  0   1  0  0  15/24 16 
Vincent Lecavalier       0  1  1   0  2   1  0  0  9/23  20 
Ducks
Player Name              G  A  P  +/- PIM S  H  SB FO    MP 
------------------------------------------------------------
Andy McDonald            0  2  2   1  0   4  0  0  12/24 18 
Bobby Ryan               1  2  3   1  0   4  1  0  1/1   19 
Bryan Little             0  0  0  -1  0   0  0  0  0/1   7  
Christian Hanson         0  0  0  -1  0   1  0  0  6/13  8  
David Clarkson           0  1  1   1  9   2  3  0  0/1   15 
David Perron             0  0  0  -1  0   4  2  1  2/3   20 
Dominic Moore            1  0  1   1  0   3  1  0  0/0   15 
Dustin Byfuglien         0  0  0   1  0   1  0  0  1/2   17 
Henrik Tallinder         0  0  0  -1  0   1  1  2  0/0   19 
Jakub Voracek            0  0  0  -1  0   3  1  0  0/1   12 
Kurtis Foster            1  1  2   1  2   1  0  0  0/0   18 
Manny Malhotra           1  0  1  -1  0   1  0  0  11/21 21 
Marc-Edouard Vlasic      1  0  1   0  0   4  0  2  0/0   23 
Nick Schultz             0  0  0  -1  0   4  0  0  0/0   20 
Richard Park             0  1  1   1  0   1  0  0  10/16 14 
Rob Scuderi              0  0  0   1  0   0  0  2  0/0   15 
Tom Poti                 0  2  2   0  2   1  1  1  0/0   22 
Ville Leino              0  0  0  -1  0   0  0  0  2/4   10 

3 Stars

1 - Bobby Ryan (ANA)
2 - Drew Doughty (TOR)
3 - Dominic Moore (ANA)

Power Play

MapleLeafs - 0 on 4 Attempt(s) - 0.00%
Ducks - 3 on 10 Attempt(s) - 30.00%

Penalty Kill

MapleLeafs - 7 on 10 Attempt(s) - 70.00% - Score 0 goal in Penalty Kill
Ducks - 4 on 4 Attempt(s) - 100.00% - Score 0 goal in Penalty Kill

Game Notes

Ryan Miller ejected from game at 11:50 of 1st period
Brent Johnson enters game at 11:50 of 1st period
David Clarkson and Matt Greene fight to a draw at 13:43 of 2nd period

Finance

Level 1 -- Attendance: 4760 (73.23%) -- Ticket Income $476,000.00
Level 2 -- Attendance: 3930 (78.60%) -- Ticket Income $235,800.00
Level 3 -- Attendance: 2863 (81.80%) -- Ticket Income $100,205.00
Level 4 -- Attendance: 1174 (100.00%) -- Ticket Income $23,480.00
Luxury Box -- Attendance: 862 (86.20%) -- Ticket Income $172,400.00
Game was played at the Honda Center
Total Attendance: 13589 (79.13%)
Total Ticket Income: $1,070,921.00
Other Income: $208,133.10
Total Income: $1,279,054.00


Play by Play

Period #1

0:01 of 1st period - Patrick Marleau wins face-off versus Andy McDonald in neutral zone.
0:10 of 1st period - Shot by Andy McDonald.
0:10 of 1st period - Shot Misses the Net.
0:14 of 1st period - Shot by Bobby Ryan.
0:14 of 1st period - Deflect By Dustin Byfuglien.
0:14 of 1st period - Shot Blocked by Drew Doughty.
0:16 of 1st period - Shot by Marc-Edouard Vlasic.
0:16 of 1st period - Shot Misses the Net.
0:18 of 1st period - Shot by Dustin Byfuglien.
0:18 of 1st period - Stopped by Ryan Miller without a rebound.
0:19 of 1st period - Manny Malhotra wins face-off versus Jason Arnott in MapleLeafs zone.
0:50 of 1st period - Shot by Sam Gagner.
0:50 of 1st period - Stopped by Jose Theodore with a rebound.
0:54 of 1st period - Shot by Jason Arnott.
0:54 of 1st period - Stopped by Jose Theodore without a rebound.
0:55 of 1st period - Andy McDonald wins face-off versus Vincent Lecavalier in Ducks zone.
0:55 of 1st period - Andy McDonald is hit by Patrick Marleau.
1:03 of 1st period - Shot by Bobby Ryan.
1:03 of 1st period - Shot Misses the Net.
1:05 of 1st period - Shot by Marc-Edouard Vlasic.
1:05 of 1st period - Shot Misses the Net.
1:07 of 1st period - Shot by Marc-Edouard Vlasic.
1:07 of 1st period - Goal by Marc-Edouard Vlasic - MapleLeafs : 0 - Ducks : 1.
1:08 of 1st period - Vernon Fiddler wins face-off versus Richard Park in neutral zone.
1:15 of 1st period - Minor Penalty to David Clarkson for Holding.
1:16 of 1st period - Christian Hanson wins face-off versus Vincent Lecavalier in Ducks zone.
2:16 of 1st period - Icing by Sam Gagner.
2:17 of 1st period - Christian Hanson wins face-off versus Sam Gagner in MapleLeafs zone.
2:36 of 1st period - Shot by Kyle Cumiskey.
2:36 of 1st period - Shot Misses the Net.
2:38 of 1st period - Shot by Shaone Morrisonn.
2:38 of 1st period - Stopped by Jose Theodore without a rebound.
2:39 of 1st period - Jason Arnott wins face-off versus Christian Hanson in Ducks zone.
2:47 of 1st period - Icing by Jason Arnott.
2:48 of 1st period - Christian Hanson wins face-off versus Jason Arnott in MapleLeafs zone.
2:48 of 1st period - Christian Hanson is hit by Shaone Morrisonn.
3:04 of 1st period - Shot by Sam Gagner.
3:04 of 1st period - Stopped by Jose Theodore without a rebound.
3:05 of 1st period - Vincent Lecavalier wins face-off versus Christian Hanson in Ducks zone.
3:22 of 1st period - Shot by Mike Grier.
3:22 of 1st period - Shot Misses the Net.
3:24 of 1st period - Shot by Mike Grier.
3:24 of 1st period - Shot Misses the Net.
3:25 of 1st period - Minor Penalty to Tom Poti for Hooking.
3:26 of 1st period - Vincent Lecavalier wins face-off versus Manny Malhotra in Ducks zone.
3:38 of 1st period - Christian Hanson is hit by Dan Hamhuis and loses puck.
4:19 of 1st period - Shot by Jason Arnott.
4:19 of 1st period - Shot Misses the Net.
4:21 of 1st period - Shot by Shaone Morrisonn.
4:21 of 1st period - Shot Misses the Net.
4:23 of 1st period - Shot by Kyle Cumiskey.
4:23 of 1st period - Shot Misses the Net.
5:02 of 1st period - Shot by Drew Doughty.
5:02 of 1st period - Stopped by Jose Theodore without a rebound.
5:03 of 1st period - Jason Arnott wins face-off versus Manny Malhotra in Ducks zone.
5:48 of 1st period - Icing by Mike Grier.
5:49 of 1st period - Ville Leino wins face-off versus Vernon Fiddler in MapleLeafs zone.
5:52 of 1st period - Shot by Jakub Voracek.
5:52 of 1st period - Stopped by Ryan Miller without a rebound.
5:53 of 1st period - David Perron wins face-off versus Vincent Lecavalier in MapleLeafs zone.
6:33 of 1st period - Marc-Edouard Vlasic is hit by Marian Hossa and loses puck.
6:45 of 1st period - Andy McDonald is hit by Drew Doughty and loses puck.
6:54 of 1st period - Shot by Dustin Byfuglien.
6:54 of 1st period - Shot Misses the Net.
6:58 of 1st period - Shot by Bobby Ryan.
6:58 of 1st period - Stopped by Ryan Miller without a rebound.
6:59 of 1st period - Richard Park wins face-off versus Keith Tkachuk in MapleLeafs zone.
6:59 of 1st period - Richard Park is hit by Anton Volchenkov.
7:00 of 1st period - Minor Penalty to Anton Volchenkov for Slashing.
7:01 of 1st period - Vernon Fiddler wins face-off versus Ville Leino in MapleLeafs zone.
7:07 of 1st period - Icing by Tom Poti.
7:08 of 1st period - Vernon Fiddler wins face-off versus Ville Leino in Ducks zone.
7:13 of 1st period - Minor Penalty to Travis Moen for Tripping.
7:14 of 1st period - Vernon Fiddler wins face-off versus Andy McDonald in MapleLeafs zone.
7:22 of 1st period - Marc-Edouard Vlasic is hit by Shaone Morrisonn.
7:32 of 1st period - Shot by Kurtis Foster.
7:32 of 1st period - Goal by Kurtis Foster - MapleLeafs : 0 - Ducks : 2.
7:33 of 1st period - Manny Malhotra wins face-off versus Vernon Fiddler in neutral zone.
7:54 of 1st period - Drew Doughty is hit by David Clarkson and loses puck.
9:16 of 1st period - Kurtis Foster is hit by Matt Greene and loses puck.
9:27 of 1st period - Shot by Sam Gagner.
9:27 of 1st period - Stopped by Jose Theodore with a rebound.
10:03 of 1st period - Shot by Patrick Marleau.
10:03 of 1st period - Stopped by Jose Theodore without a rebound.
10:04 of 1st period - Vernon Fiddler wins face-off versus Christian Hanson in Ducks zone.
10:40 of 1st period - Icing by Tom Poti.
10:41 of 1st period - Vincent Lecavalier wins face-off versus Christian Hanson in Ducks zone.
10:48 of 1st period - Shot by Patrick Marleau.
10:48 of 1st period - Shot Misses the Net.
10:50 of 1st period - Shot by Dan Hamhuis.
10:50 of 1st period - Stopped by Jose Theodore without a rebound.
10:51 of 1st period - Jason Arnott wins face-off versus Manny Malhotra in Ducks zone.
11:10 of 1st period - Shot by Manny Malhotra.
11:10 of 1st period - Shot Misses the Net.
11:14 of 1st period - Shot by Jakub Voracek.
11:14 of 1st period - Stopped by Ryan Miller without a rebound.
11:15 of 1st period - Vincent Lecavalier wins face-off versus Richard Park in MapleLeafs zone.
11:15 of 1st period - Marian Hossa is hit by David Clarkson.
11:28 of 1st period - Minor Penalty to Vincent Lecavalier for Holding.
11:29 of 1st period - Vernon Fiddler wins face-off versus Andy McDonald in MapleLeafs zone.
11:48 of 1st period - Shot by Bobby Ryan.
11:48 of 1st period - Deflect By Andy McDonald.
11:48 of 1st period - Stopped by Ryan Miller with a rebound.
11:50 of 1st period - Shot by Marc-Edouard Vlasic.
11:50 of 1st period - Stopped by Ryan Miller without a rebound.
11:50 of 1st period - Major / Game Misconduct Penalty to Ryan Miller for Unsportsmanlike conduct.
11:50 of 1st period - Ryan Miller is ejected from game.
11:50 of 1st period - Brent Johnson enters game.
11:51 of 1st period - Vernon Fiddler wins face-off versus David Perron in MapleLeafs zone.
12:34 of 1st period - Icing by Marc-Edouard Vlasic.
12:35 of 1st period - Vernon Fiddler wins face-off versus Dustin Byfuglien in Ducks zone.
13:51 of 1st period - Icing by Bobby Ryan.
13:52 of 1st period - Sam Gagner wins face-off versus Andy McDonald in Ducks zone.
15:29 of 1st period - Shot by Henrik Tallinder.
15:29 of 1st period - Shot Misses the Net.
15:31 of 1st period - Shot by Marc-Edouard Vlasic.
15:31 of 1st period - Stopped by Brent Johnson without a rebound.
15:32 of 1st period - Richard Park wins face-off versus Vernon Fiddler in MapleLeafs zone.
15:43 of 1st period - Shot by Bobby Ryan.
15:43 of 1st period - Shot Misses the Net.
15:47 of 1st period - Shot by Dominic Moore.
15:47 of 1st period - Stopped by Brent Johnson with a rebound.
16:19 of 1st period - Drew Doughty is hit by David Perron and loses puck.
16:34 of 1st period - Shot by Tom Poti.
16:34 of 1st period - Shot Misses the Net.
16:41 of 1st period - Icing by Nick Schultz.
16:42 of 1st period - Ville Leino wins face-off versus Patrick Marleau in Ducks zone.
17:06 of 1st period - Henrik Tallinder is hit by Patrick Marleau and loses puck.
17:13 of 1st period - Shot by Vincent Lecavalier.
17:13 of 1st period - Shot Blocked by Henrik Tallinder.
17:17 of 1st period - Shot by Vincent Lecavalier.
17:17 of 1st period - Deflect By Marian Hossa.
17:17 of 1st period - Shot Misses the Net.
17:47 of 1st period - Shot by Travis Moen.
17:47 of 1st period - Shot Misses the Net.
17:49 of 1st period - Shot by Mike Grier.
17:49 of 1st period - Deflect By Vernon Fiddler.
17:49 of 1st period - Shot Misses the Net.
17:51 of 1st period - Shot by Travis Moen.
17:51 of 1st period - Deflect By Mike Grier.
17:51 of 1st period - Stopped by Jose Theodore without a rebound.
17:52 of 1st period - Andy McDonald wins face-off versus Keith Tkachuk in Ducks zone.
18:06 of 1st period - Minor Penalty to Anton Volchenkov for Hooking.
18:07 of 1st period - Andy McDonald wins face-off versus Sam Gagner in MapleLeafs zone.
18:16 of 1st period - Shot by Andy McDonald.
18:16 of 1st period - Shot Misses the Net.
18:18 of 1st period - Shot by Marc-Edouard Vlasic.
18:18 of 1st period - Stopped by Brent Johnson without a rebound.
18:19 of 1st period - Dustin Byfuglien wins face-off versus Vernon Fiddler in MapleLeafs zone.
18:22 of 1st period - Shot by Andy McDonald.
18:22 of 1st period - Shot Misses the Net.
18:26 of 1st period - Shot by Bobby Ryan.
18:26 of 1st period - Shot Misses the Net.
18:30 of 1st period - Shot by Bobby Ryan.
18:30 of 1st period - Goal by Bobby Ryan - MapleLeafs : 0 - Ducks : 3.
18:31 of 1st period - Vincent Lecavalier wins face-off versus Jakub Voracek in neutral zone.
18:35 of 1st period - Off-side.
18:36 of 1st period - Christian Hanson wins face-off versus Sam Gagner in neutral zone.

Period #2

0:01 of 2nd period - Vincent Lecavalier wins face-off versus Andy McDonald in neutral zone.
0:32 of 2nd period - Shot by Marian Hossa.
0:32 of 2nd period - Shot Hit the Post.
0:38 of 2nd period - Shot by Marian Hossa.
0:38 of 2nd period - Shot Misses the Net.
0:49 of 2nd period - Minor Penalty to Marian Hossa for Roughing.
0:50 of 2nd period - Vernon Fiddler wins face-off versus Manny Malhotra in MapleLeafs zone.
1:13 of 2nd period - Shot by Vernon Fiddler.
1:13 of 2nd period - Shot Blocked by Henrik Tallinder.
1:23 of 2nd period - Shot by Henrik Tallinder.
1:23 of 2nd period - Stopped by Brent Johnson without a rebound.
1:24 of 2nd period - Bobby Ryan wins face-off versus Sam Gagner in MapleLeafs zone.
2:17 of 2nd period - Shot by Nick Schultz.
2:17 of 2nd period - Stopped by Brent Johnson without a rebound.
2:18 of 2nd period - Sam Gagner wins face-off versus David Clarkson in MapleLeafs zone.
2:18 of 2nd period - Sam Gagner is hit by David Clarkson.
2:42 of 2nd period - Shot by David Perron.
2:42 of 2nd period - Stopped by Brent Johnson without a rebound.
2:43 of 2nd period - Sam Gagner wins face-off versus Andy McDonald in MapleLeafs zone.
2:59 of 2nd period - Shot by Joffrey Lupul.
2:59 of 2nd period - Stopped by Jose Theodore with a rebound.
3:03 of 2nd period - Shot by Joffrey Lupul.
3:03 of 2nd period - Stopped by Jose Theodore without a rebound.
3:04 of 2nd period - Christian Hanson wins face-off versus Vincent Lecavalier in Ducks zone.
3:20 of 2nd period - Shot by Patrick Marleau.
3:20 of 2nd period - Shot Misses the Net.
3:24 of 2nd period - Shot by Vincent Lecavalier.
3:24 of 2nd period - Stopped by Jose Theodore without a rebound.
3:25 of 2nd period - Richard Park wins face-off versus Vernon Fiddler in Ducks zone.
3:34 of 2nd period - Shot by Dominic Moore.
3:34 of 2nd period - Goal by Dominic Moore - MapleLeafs : 0 - Ducks : 4.
3:35 of 2nd period - Jason Arnott wins face-off versus Manny Malhotra in neutral zone.
4:02 of 2nd period - Shot by David Perron.
4:02 of 2nd period - Shot Misses the Net.
4:10 of 2nd period - Jason Arnott is hit by Jakub Voracek and loses puck.
5:31 of 2nd period - Minor Penalty to Travis Moen for Holding.
5:32 of 2nd period - Vincent Lecavalier wins face-off versus Manny Malhotra in MapleLeafs zone.
5:49 of 2nd period - Shot by Tom Poti.
5:49 of 2nd period - Shot Misses the Net.
5:51 of 2nd period - Shot by Manny Malhotra.
5:51 of 2nd period - Shot Blocked by Mike Grier.
5:53 of 2nd period - Shot by Nick Schultz.
5:53 of 2nd period - Stopped by Brent Johnson without a rebound.
5:54 of 2nd period - Vernon Fiddler wins face-off versus Andy McDonald in MapleLeafs zone.
7:23 of 2nd period - Shot by Tom Poti.
7:23 of 2nd period - Shot Blocked by Shaone Morrisonn.
7:25 of 2nd period - Shot by Manny Malhotra.
7:25 of 2nd period - Shot Misses the Net.
7:27 of 2nd period - Shot by Tom Poti.
7:27 of 2nd period - Stopped by Brent Johnson with a rebound.
7:29 of 2nd period - Shot by Nick Schultz.
7:29 of 2nd period - Stopped by Brent Johnson without a rebound.
7:30 of 2nd period - Manny Malhotra wins face-off versus Sam Gagner in MapleLeafs zone.
8:49 of 2nd period - Shot by David Clarkson.
8:49 of 2nd period - Stopped by Brent Johnson with a rebound.
9:14 of 2nd period - Shot by Christian Hanson.
9:14 of 2nd period - Stopped by Brent Johnson without a rebound.
9:15 of 2nd period - Andy McDonald wins face-off versus Keith Tkachuk in MapleLeafs zone.
9:23 of 2nd period - Sam Gagner is hit by Henrik Tallinder and loses puck.
9:36 of 2nd period - Icing by Tom Poti.
9:37 of 2nd period - Andy McDonald wins face-off versus Sam Gagner in Ducks zone.
9:57 of 2nd period - Icing by Shaone Morrisonn.
9:58 of 2nd period - Richard Park wins face-off versus Sam Gagner in MapleLeafs zone.
10:09 of 2nd period - Shot by Dominic Moore.
10:09 of 2nd period - Stopped by Brent Johnson without a rebound.
10:10 of 2nd period - Manny Malhotra wins face-off versus Jason Arnott in MapleLeafs zone.
10:12 of 2nd period - Jakub Voracek is hit by Anton Volchenkov and loses puck.
10:21 of 2nd period - Shot by Jakub Voracek.
10:21 of 2nd period - Stopped by Brent Johnson without a rebound.
10:22 of 2nd period - Vernon Fiddler wins face-off versus Christian Hanson in MapleLeafs zone.
11:35 of 2nd period - Shot by Jason Arnott.
11:35 of 2nd period - Deflect By Sam Gagner.
11:35 of 2nd period - Stopped by Jose Theodore without a rebound.
11:36 of 2nd period - Manny Malhotra wins face-off versus Vincent Lecavalier in Ducks zone.
11:36 of 2nd period - Manny Malhotra is hit by Patrick Marleau.
13:19 of 2nd period - Icing by Rob Scuderi.
13:20 of 2nd period - Richard Park wins face-off versus Vernon Fiddler in Ducks zone.
13:20 of 2nd period - Richard Park is hit by Travis Moen.
13:33 of 2nd period - Kurtis Foster is hit by Matt Greene and loses puck.
13:43 of 2nd period - David Clarkson and Matt Greene fight to a draw.
13:43 of 2nd period - Penalty to David Clarkson for Fighting.
13:43 of 2nd period - Penalty to Matt Greene for Fighting.
13:44 of 2nd period - David Perron wins face-off versus Sam Gagner in MapleLeafs zone.
14:29 of 2nd period - Shot by Mike Grier.
14:29 of 2nd period - Deflect By Vernon Fiddler.
14:29 of 2nd period - Shot Misses the Net.
14:31 of 2nd period - Shot by Vernon Fiddler.
14:31 of 2nd period - Goal by Vernon Fiddler - MapleLeafs : 1 - Ducks : 4.
14:32 of 2nd period - Andy McDonald wins face-off versus Jason Arnott in neutral zone.
15:03 of 2nd period - Dustin Byfuglien is hit by Anton Volchenkov and loses puck.
17:35 of 2nd period - Shot by Tom Poti.
17:35 of 2nd period - Shot Misses the Net.
17:37 of 2nd period - Shot by Bobby Ryan.
17:37 of 2nd period - Shot Blocked by Shaone Morrisonn.
17:41 of 2nd period - Shot by Andy McDonald.
17:41 of 2nd period - Stopped by Brent Johnson without a rebound.
17:42 of 2nd period - Sam Gagner wins face-off versus Richard Park in MapleLeafs zone.
17:48 of 2nd period - Off-side.
17:49 of 2nd period - Richard Park wins face-off versus Vincent Lecavalier in neutral zone.
18:07 of 2nd period - Off-side.
18:08 of 2nd period - Jason Arnott wins face-off versus Andy McDonald in neutral zone.
18:23 of 2nd period - Shot by Bobby Ryan.
18:23 of 2nd period - Stopped by Brent Johnson without a rebound.
18:24 of 2nd period - Sam Gagner wins face-off versus Richard Park in MapleLeafs zone.
18:24 of 2nd period - Sam Gagner is hit by Dominic Moore.
18:45 of 2nd period - Off-side.
18:46 of 2nd period - Vernon Fiddler wins face-off versus Andy McDonald in neutral zone.
18:53 of 2nd period - Mike Grier is hit by Bobby Ryan and loses puck.
18:58 of 2nd period - Shot by Andy McDonald.
18:58 of 2nd period - Shot Misses the Net.
19:01 of 2nd period - Minor Penalty to Matt Greene for Holding Stick.
19:02 of 2nd period - Manny Malhotra wins face-off versus Vernon Fiddler in MapleLeafs zone.
19:06 of 2nd period - Minor Penalty to David Clarkson for High sticking.
19:07 of 2nd period - Andy McDonald wins face-off versus Vincent Lecavalier in Ducks zone.
19:34 of 2nd period - Shot by Bobby Ryan.
19:34 of 2nd period - Shot Misses the Net.
19:36 of 2nd period - Shot by Kurtis Foster.
19:36 of 2nd period - Shot Misses the Net.

Period #3

0:01 of 3rd period - Andy McDonald wins face-off versus Vincent Lecavalier in neutral zone.
0:08 of 3rd period - Shot by Andy McDonald.
0:08 of 3rd period - Deflect By Bobby Ryan.
0:08 of 3rd period - Shot Misses the Net.
0:36 of 3rd period - Shot by Patrick Marleau.
0:36 of 3rd period - Shot Blocked by Marc-Edouard Vlasic.
1:55 of 3rd period - Shot by Jason Arnott.
1:55 of 3rd period - Shot Misses the Net.
1:57 of 3rd period - Shot by Keith Tkachuk.
1:57 of 3rd period - Stopped by Jose Theodore without a rebound.
1:58 of 3rd period - Jason Arnott wins face-off versus Christian Hanson in Ducks zone.
1:58 of 3rd period - Sam Gagner is hit by Tom Poti and loses puck.
2:24 of 3rd period - Icing by Marc-Edouard Vlasic.
2:25 of 3rd period - Christian Hanson wins face-off versus Vincent Lecavalier in Ducks zone.
2:38 of 3rd period - Shot by Patrick Marleau.
2:38 of 3rd period - Shot Misses the Net.
2:40 of 3rd period - Shot by Marian Hossa.
2:40 of 3rd period - Deflect By Vincent Lecavalier.
2:40 of 3rd period - Shot Blocked by Tom Poti.
2:42 of 3rd period - Shot by Drew Doughty.
2:42 of 3rd period - Goal by Drew Doughty - MapleLeafs : 2 - Ducks : 4.
2:43 of 3rd period - Sam Gagner wins face-off versus Richard Park in neutral zone.
3:08 of 3rd period - Shot by Richard Park.
3:08 of 3rd period - Stopped by Brent Johnson without a rebound.
3:09 of 3rd period - Andy McDonald wins face-off versus Vincent Lecavalier in MapleLeafs zone.
3:14 of 3rd period - Shot by Bobby Ryan.
3:14 of 3rd period - Stopped by Brent Johnson without a rebound.
3:15 of 3rd period - Manny Malhotra wins face-off versus Vincent Lecavalier in MapleLeafs zone.
3:15 of 3rd period - David Perron is hit by Dan Hamhuis and loses puck.
3:22 of 3rd period - Shot by Marian Hossa.
3:22 of 3rd period - Stopped by Jose Theodore without a rebound.
3:23 of 3rd period - Andy McDonald wins face-off versus Jason Arnott in Ducks zone.
3:23 of 3rd period - Andy McDonald is hit by Keith Tkachuk.
3:26 of 3rd period - Minor Penalty to Keith Tkachuk for Tripping.
3:27 of 3rd period - Vernon Fiddler wins face-off versus Andy McDonald in MapleLeafs zone.
4:19 of 3rd period - Bobby Ryan is hit by Sam Gagner and loses puck.
4:42 of 3rd period - Shot by Manny Malhotra.
4:42 of 3rd period - Goal by Manny Malhotra - MapleLeafs : 2 - Ducks : 5.
4:43 of 3rd period - Manny Malhotra wins face-off versus Matt Greene in neutral zone.
5:59 of 3rd period - Dominic Moore is hit by Keith Tkachuk and loses puck.
7:18 of 3rd period - Tom Poti is hit by Patrick Marleau and loses puck.
7:25 of 3rd period - Shot by Patrick Marleau.
7:25 of 3rd period - Stopped by Jose Theodore with a rebound.
8:20 of 3rd period - Shot by Mike Grier.
8:20 of 3rd period - Shot Misses the Net.
8:54 of 3rd period - Shot by Joffrey Lupul.
8:54 of 3rd period - Deflect By Patrick Marleau.
8:54 of 3rd period - Shot Misses the Net.
8:56 of 3rd period - Shot by Jason Arnott.
8:56 of 3rd period - Shot Blocked by Rob Scuderi.
9:00 of 3rd period - Shot by Patrick Marleau.
9:00 of 3rd period - Deflect By Joffrey Lupul.
9:00 of 3rd period - Shot Blocked by Rob Scuderi.
9:02 of 3rd period - Shot by Patrick Marleau.
9:02 of 3rd period - Stopped by Jose Theodore without a rebound.
9:03 of 3rd period - Andy McDonald wins face-off versus Mike Modano in Ducks zone.
9:52 of 3rd period - Shot by David Perron.
9:52 of 3rd period - Stopped by Brent Johnson without a rebound.
9:53 of 3rd period - Richard Park wins face-off versus Vincent Lecavalier in MapleLeafs zone.
10:04 of 3rd period - Shot by David Clarkson.
10:04 of 3rd period - Stopped by Brent Johnson without a rebound.
10:05 of 3rd period - Jason Arnott wins face-off versus Bryan Little in MapleLeafs zone.
11:10 of 3rd period - Shot by Jakub Voracek.
11:10 of 3rd period - Shot Misses the Net.
11:23 of 3rd period - Icing by Marian Hossa.
11:24 of 3rd period - Richard Park wins face-off versus Vincent Lecavalier in MapleLeafs zone.
12:32 of 3rd period - Shot by Mike Grier.
12:32 of 3rd period - Stopped by Jose Theodore without a rebound.
12:33 of 3rd period - Manny Malhotra wins face-off versus Jason Arnott in Ducks zone.
12:42 of 3rd period - Shot by David Perron.
12:42 of 3rd period - Stopped by Brent Johnson without a rebound.
12:43 of 3rd period - Jason Arnott wins face-off versus Manny Malhotra in MapleLeafs zone.
13:08 of 3rd period - Shot by Keith Tkachuk.
13:08 of 3rd period - Stopped by Jose Theodore without a rebound.
13:09 of 3rd period - Richard Park wins face-off versus Vernon Fiddler in Ducks zone.
13:21 of 3rd period - Off-side.
13:22 of 3rd period - Vernon Fiddler wins face-off versus Andy McDonald in neutral zone.
14:00 of 3rd period - Shot by Andy McDonald.
14:00 of 3rd period - Stopped by Brent Johnson without a rebound.
14:01 of 3rd period - Jason Arnott wins face-off versus Richard Park in MapleLeafs zone.
14:15 of 3rd period - Icing by Anton Volchenkov.
14:16 of 3rd period - Jason Arnott wins face-off versus Manny Malhotra in MapleLeafs zone.
14:16 of 3rd period - Anton Volchenkov is hit by David Perron and loses puck.
14:25 of 3rd period - Shot by Jason Arnott.
14:25 of 3rd period - Shot Blocked by David Perron.
14:29 of 3rd period - Shot by Keith Tkachuk.
14:29 of 3rd period - Deflect By Sam Gagner.
14:29 of 3rd period - Stopped by Jose Theodore without a rebound.
14:30 of 3rd period - Richard Park wins face-off versus Vincent Lecavalier in Ducks zone.
14:50 of 3rd period - Richard Park is hit by Drew Doughty and loses puck.
14:54 of 3rd period - Richard Park is hit by Drew Doughty and loses puck.
15:06 of 3rd period - Richard Park is hit by Drew Doughty and loses puck.
15:16 of 3rd period - Icing by Drew Doughty.
15:17 of 3rd period - Vincent Lecavalier wins face-off versus Andy McDonald in MapleLeafs zone.
15:29 of 3rd period - Andy McDonald is hit by Keith Tkachuk and loses puck.
15:49 of 3rd period - Shot by Bobby Ryan.
15:49 of 3rd period - Deflect By Andy McDonald.
15:49 of 3rd period - Stopped by Brent Johnson without a rebound.
15:50 of 3rd period - Vernon Fiddler wins face-off versus Manny Malhotra in MapleLeafs zone.
16:06 of 3rd period - Jakub Voracek is hit by Matt Greene and loses puck.
16:23 of 3rd period - Minor Penalty to Matt Greene for Interference.
16:24 of 3rd period - Andy McDonald wins face-off versus Travis Moen in MapleLeafs zone.
17:18 of 3rd period - Shot by Manny Malhotra.
17:18 of 3rd period - Deflect By David Perron.
17:18 of 3rd period - Stopped by Brent Johnson without a rebound.
17:19 of 3rd period - Manny Malhotra wins face-off versus Sam Gagner in MapleLeafs zone.
17:22 of 3rd period - Shot by Nick Schultz.
17:22 of 3rd period - Stopped by Brent Johnson without a rebound.
17:23 of 3rd period - Manny Malhotra wins face-off versus Vernon Fiddler in MapleLeafs zone.
17:30 of 3rd period - Shot by Nick Schultz.
17:30 of 3rd period - Shot Misses the Net.
18:31 of 3rd period - Minor Penalty to Kurtis Foster for Hooking.
18:32 of 3rd period - Vincent Lecavalier wins face-off versus Christian Hanson in Ducks zone.
18:47 of 3rd period - Shot by Patrick Marleau.
18:47 of 3rd period - Shot Blocked by Marc-Edouard Vlasic.
18:49 of 3rd period - Shot by Patrick Marleau.
18:49 of 3rd period - Shot Misses the Net.
19:45 of 3rd period - Shot by Kyle Cumiskey.
19:45 of 3rd period - Stopped by Jose Theodore without a rebound.
19:46 of 3rd period - Jason Arnott wins face-off versus Manny Malhotra in Ducks zone.


Output by the SimonT Hockey Simulator (STHS) for Stephane Roy -- Original Page W3C XHTML 1.0 Valid